AoeStats
← Infadel

Four Lakes

508589506Analyzed
1v1 RM · 10d ago on Sep 23, 2026· 31m 14s· 2 players
Game mode
Random Map
Map size
Tiny (2 player)
Population
200
Speed
Normal
Resources
Standard
Victory
Conquest
Starting age
Dark Age
Ending age
Imperial Age
RankedLock teamsTeams togetherTeam positionsShared explorationLock speedFull tech treeHidden civsTurbo modeCheats
Victory
Defeat
🇮🇳 Poles · India
1132
+16
🇦🇺 Magyars · Australia
1139
-16
Infadel
9:40 Feudal Age
7:57 Loom
17:08 Double-Bit Axe
22:03 Castle Age
20:18 Bloodlines
20:47 Forging
21:23 Bloodlines
22:55 Gold Mining
23:28 Bow Saw
23:20 Horse Collar
24:31 Scale Barding Armor
24:17 Fletching
26:41 Wheelbarrow
25:52 Town Watch
26:52 Stone Mining
28:34 Scale Mail Armor
30:55 Stone Shaft Mining
31:37 Bodkin Arrow
soundsdifferent
11:04 Feudal Age
10:28 Loom
13:48 Scale Barding Armor
19:19 Castle Age
17:33 Double-Bit Axe
20:17 Pikeman
23:30 Bow Saw
29:58 Chain Barding Armor
30:43 Bloodlines
Connection lost

Rejoining the realm…

Still unreachable

The connection could not be restored.

Session expired

The server has moved on; the page needs a fresh start.